 Dungeon Crawl Stone Soup version 0.20.1-1-g8b1a95d (webtiles) character file.

120255 vomix the Executioner (level 16, -5/214 HPs)
             Began as a Minotaur Berserker on Aug 26, 2017.
             Was a High Priest of Trog.
             Slain by a guardian serpent (9 damage)
             ... on level 2 of the Snake Pit.
             The game lasted 01:15:59 (29985 turns).

vomix the Executioner (Minotaur Berserker)         Turns: 29985, Time: 01:16:02

Health: -5/214     AC: 29    Str: 25    XL:     16   Next: 29%
Magic:  23/23      EV: 12    Int:  4    God:    Trog [*****.]
Gold:   1735       SH:  0    Dex: 15    Spells: 15/15 levels left

rFire    + . .     SeeInvis +   a - +9 executioner's axe (elec)
rCold    . . .     Gourm    .   (shield currently unavailable)
rNeg     . . .     Faith    +   x - +13 chain mail of the Blacksmith {*Drain rCorr Str-4 Slay+6}
rPois    .         Spirit   .   (helmet restricted)
rElec    +         Reflect  .   X - +0 cloak {rC+}
rCorr    +         Harm     .   (no gloves)
MR       +....                  Q - +1 pair of boots {Stlth+}
Stlth    ..........             l - amulet of faith
Regen    0.5/turn               H - +4 ring of protection
MPRegen  0.2/turn               S - ring of Daffum {Fire *Corrode rElec SInv}

@: berserking, lethally poisoned (-5 -> -14), corroded, constricted, very quick
A: retaliatory headbutt, horns 2
a: Berserk, Trog's Hand, Brothers in Arms, Burn Spellbooks, Renounce Religion


You were on level 2 of the Snake Pit.
You worshipped Trog.
Trog was extremely pleased with you.
You were very full.

You visited 5 branches of the dungeon, and saw 26 of its levels.
You visited 1 bazaar.
You also visited: Sewer, Ossuary and Ice Cave.

You collected 2833 gold pieces.
You spent 1098 gold pieces at shops.

Inventory:

Hand Weapons
 a - a +9 executioner's axe of electrocution (weapon)
 b - a +6 antimagic battleaxe
Missiles
 h - 3 throwing nets (quivered)
Armour
 q - a scarf of repulsion
 x - the +13 chain mail of the Blacksmith (worn) {*Drain rCorr Str-4 Slay+6}
   (You bought it in a shop on level 2 of the Orcish Mines)

   It affects your strength (-4).
   It affects your accuracy and damage with ranged weapons and melee attacks
   (+6).
   It protects you from acid and corrosion.
   It causes draining when unequipped.
 Q - a +1 pair of boots of stealth (worn)
 X - a +0 cloak of cold resistance (worn)
Jewellery
 g - an uncursed ring of protection from fire
 l - an amulet of faith (around neck)
 p - an uncursed ring of protection from cold
 B - an uncursed ring of protection from magic
 H - a +4 ring of protection (left hand)
 L - an uncursed ring of see invisible
 N - an uncursed ring of magical power
 S - the ring of Daffum (right hand) {Fire *Corrode rElec SInv}
   (You found it on level 11 of the Dungeon)

   [ring of fire]

   It enhances your fire magic.
   It protects you from fire.
   It makes you vulnerable to cold.
   It insulates you from electricity.
   It lets you see invisible.
   It may corrode you when you take damage.
Wands
 r - a wand of digging (9/24)
 C - a wand of paralysis (11/24)
 E - a wand of confusion (35/48)
 I - a wand of polymorph (9/24)
 K - a wand of iceblast (8/15)
 U - a wand of acid (9/15)
 W - a wand of disintegration (14/24)
Scrolls
 f - 3 scrolls of magic mapping
 n - 4 scrolls of enchant weapon
 t - 2 scrolls of recharging
 u - 4 scrolls of immolation {unknown}
 w - 6 scrolls of remove curse
 y - 6 scrolls of blinking
 z - 5 scrolls of amnesia {unknown}
 A - 14 scrolls of teleportation
 D - 3 scrolls of enchant armour
 M - 3 scrolls of fear {unknown}
 Y - a scroll of silence {unknown}
 Z - a scroll of summoning {unknown}
Potions
 d - a potion of ambrosia
 e - 3 potions of flight
 j - 17 potions of curing
 k - 5 potions of mutation
 o - 5 potions of heal wounds
 s - a potion of cancellation
 v - 2 potions of might
 F - 2 potions of agility
 G - 3 potions of resistance
 P - 3 potions of invisibility
 T - 5 potions of lignification
 V - a potion of berserk rage
Comestibles
 c - 13 bread rations
 i - 5 meat rations
 J - 51 fruits


   Skills:
 - Level 13.1 Fighting
 - Level 22.9 Axes
 - Level 11.4 Armour
 - Level 10.4 Dodging
 + Level 11.4 Evocations


You had 15 spell levels left.
You didn't know any spells.

Dungeon Overview and Level Annotations

Branches:
Dungeon (15/15)            Temple (1/1) D:6            Lair (6/6) D:11
 Shoals (0/4) Lair:4        Snake (2/4) Lair:3        Slime (0/5) Lair:5
    Orc (2/2) D:11            Elf (0/3) Orc:2        Vaults (0/5) D:14
 Depths (0/5) D:15

Altars:
Ashenzari
Cheibriados
Dithmenos
Elyvilon
Fedhas
Gozag
Hepliaklqana
Kikubaaqudgha
Makhleb
Nemelex Xobeh
Okawaru
Qazlal
Ru
Sif Muna
Trog
Uskayaw
Vehumet
Xom
Yredelemnul
Zin
The Shining One
Beogh

Shops:
D:6 *   D:9 (   Orc:2 ::[!

Annotations:
Lair:6 exclusion: oklob plant


Innate Abilities, Weirdness & Mutations

You reflexively headbutt those who attack you in melee.
You have a pair of horns on your head.


Message History

You kill the shock serpent!
Trog accepts your kill.
The air sparks with electricity, shocking you!
* * * LOW HITPOINT WARNING * * *
The guardian serpent hits you!
* * * LOW HITPOINT WARNING * * *
The naga sharpshooter mumbles some strange words.
The naga sharpshooter magically shoots an arrow.
The arrow hits you!
* * * LOW HITPOINT WARNING * * *
The naga closely misses you. The anaconda closely misses you.
You furiously retaliate!
You headbutt the anaconda!! The anaconda misses you.
* * * LOW HITPOINT WARNING * * *
You feel sick.
The black mamba bites you but does no damage.
Your troll misses the naga mage.
Your troll claws the naga mage! x2
The naga warrior hits you but does no damage.
The naga warrior grabs you.
You stop ascending the stairs.
The naga warrior constricts you. The guardian serpent hits you!
You die...

.... ........
....# .......#
.....##......#
.............#
.............#.
....8.8.8.8....
...8..N).N.8..#
.....NN@S......
...8N.)SSN.8...
...NTNN8.>.....
...8N.N....8...
...............
...8.......8...
....8.8.8.8....
......?........


You could see 2 naga warriors, a nagaraja, 3 naga sharpshooters, an anaconda, a
guardian serpent, a black mamba, 2 naga magi, 3 nagas and a friendly troll
(berserk).

Vanquished Creatures
  A fire giant (D:12)
  Azrael (D:15)
  A dire elephant (D:15)
  A deep elf annihilator (D:12)
  A fire dragon (Lair:6)
  2 ogre magi (Orc:2)
  Erolcha (Orc:2)
  4 naga warriors
  10 hydras
  Erica (D:8)
  4 anacondas
  2 centaur warriors
  7 two-headed ogres
  10 death yaks
  3 tengu warriors
  3 shock serpents
  A spriggan (Lair:4)
  Nergalle (Orc:2)
  An unseen horror (shapeshifter) (D:15)
  2 unseen horrors
  A naga ritualist (Snake:1)
  5 lindwurms
  Pikel (D:6)
  6 mana vipers
  7 orc sorcerers
  A wolf spider (D:15)
  A manticore (D:15)
  12 ugly things
  2 salamanders (Snake:1)
  5 cyclopes
  18 black mambas
  Psyche (D:12)
  An ice statue (IceCv)
  An eye of devastation (Lair:5)
  A naga mage (Snake:1)
  2 molten gargoyles (Lair:6)
  11 elephants
  4 gargoyles
  A torpor snail (Lair:5)
  A guardian serpent (Snake:2)
  13 spiny frogs
  3 rime drakes
  A komodo dragon (shapeshifter) (D:14)
  2 centaur skeletons
  12 komodo dragons
  7 freezing wraiths (IceCv)
  3 trolls
  2 tengu conjurers
  A polar bear (Lair:6)
  A hornet (Lair:4)
  2 wolf spider simulacra
  13 blink frogs
  7 hippogriffs
  A hornet (shapeshifter) (D:15)
  6 slime creatures
  A vampire (D:10)
  3 wraiths
  A shadow (D:11)
  3 wyverns
  5 fire elementals (D:15)
  35 yaks
  8 basilisks
  3 steam dragons (Lair:6)
  A vampire mosquito (D:15)
  Grum (D:8)
  6 hungry ghosts
  A warg (Orc:1)
  An acid dragon (D:15)
  5 nagas
  6 hell hounds
  13 water moccasins
  13 porcupines
  3 sky beasts
  3 slaves (D:6)
  11 ice beasts
  2 black bears
  8 orc warriors
  A phantom (D:12)
  47 wolves
  12 ogres
  3 boggarts (D:15)
  An eye of draining (Lair:5)
  3 necrophages
  8 centaurs
  Blork the orc (D:5)
  4 big kobolds
  17 crocodiles
  20 bullfrogs
  A wyvern zombie (D:11)
  3 scorpions
  4 wights (D:12)
  2 elephant simulacra (IceCv)
  3 killer bees
  5 electric eels
  2 howler monkeys
  6 crimson imps
  4 centaur zombies
  5 lava snakes (Lair:6)
  2 draconian simulacra (IceCv)
  A quasit (D:7)
  2 bullfrog zombies
  4 hounds
  2 jellies
  25 orc wizards
  14 orc priests
  5 iguanas
  8 worker ants
  2 spriggan simulacra (IceCv)
  A troll simulacrum (IceCv)
  A polar bear simulacrum (IceCv)
  5 big kobold zombies (Ossuary)
  3 ogre zombies (D:11)
  A centaur simulacrum (IceCv)
  A hound skeleton (D:7)
  A mummy (Ossuary)
  A howler monkey zombie (D:6)
  2 worker ant zombies
  4 gnolls (D:9)
  12 adders
  5 naga simulacra (IceCv)
  A shadow imp (D:8)
  21 white imps
  9 oozes
  An adder skeleton (D:4)
  5 worms
  4 dart slugs
  15 leopard geckos
  70 orcs
  7 ball pythons
  14 giant cockroaches
  9 gnoll zombies
  13 goblins
  4 hobgoblins
  8 jackals
  18 kobolds
  7 quokkas
  12 bats
  2 bat simulacra (Ossuary)
  15 frilled lizards
  3 goblin simulacra (Ossuary)
  3 goblin skeletons (D:11)
  7 goblin zombies
  A hobgoblin skeleton (D:11)
  7 hobgoblin zombies
  2 kobold simulacra (Ossuary)
  4 kobold zombies (Ossuary)
  A leopard gecko skeleton (D:9)
  4 orc skeletons (D:11)
  11 orc zombies
  16 rats
  4 rat simulacra (Ossuary)
  4 spectral goblins (Ossuary)
  6 spectral kobolds (Ossuary)
  2 spectral rats (Ossuary)
  A bush (Lair:6)
  3 fungi
  8 plants
922 creatures vanquished.

Vanquished Creatures (collateral kills)
  Josephine (D:15)
  8 vault guards (D:14)
  A hydra (D:11)
  An obsidian statue (D:15)
  A necromancer (IceCv)
  2 oklob plants (D:11)
  A guardian serpent (Snake:2)
  A centaur skeleton (D:15)
  4 kobold demonologists (D:15)
  3 freezing wraiths (IceCv)
  6 yaks
  4 wraiths (D:15)
  A vampire mosquito (D:15)
  3 nagas (Lair:3)
  4 orc warriors
  A phantom (D:11)
  An ogre (Orc:1)
  A killer bee (D:8)
  A draconian simulacrum (IceCv)
  2 orc priests
  7 orc wizards
  A spriggan simulacrum (IceCv)
  5 ogre zombies (D:11)
  A centaur simulacrum (IceCv)
  5 naga simulacra (IceCv)
  An ogre simulacrum (IceCv)
  A shadow imp (D:10)
  3 white imps (IceCv)
  5 orcs
  A goblin skeleton (D:11)
  A hobgoblin zombie (D:11)
  2 orc zombies (D:11)
80 creatures vanquished.

Vanquished Creatures (others)
  A centaur skeleton (D:15)
  42 bushes (Lair:6)
  17 fungi
  18 plants
78 creatures vanquished.

Grand Total: 1080 creatures vanquished

Notes
Turn   | Place    | Note
-------+----------+-------------------------------------------
     0 | D:1      | vomix the Minotaur Berserker began the quest for the Orb.
     0 | D:1      | Reached XP level 1. HP: 19/19 MP: 0/0
    21 | D:1      | Reached skill level 4 in Axes
   212 | D:1      | Reached XP level 2. HP: 25/26 MP: 1/1
   307 | D:1      | Reached skill level 5 in Axes
   311 | D:1      | Reached XP level 3. HP: 16/31 MP: 2/2
   691 | D:1      | Reached ** piety under Trog
  1114 | D:2      | Found a snail-covered altar of Cheibriados.
  1177 | D:2      | Found a shattered altar of Ashenzari.
  1320 | D:2      | Reached XP level 4. HP: 35/39 MP: 3/3
  1321 | D:2      | Reached skill level 6 in Axes
  1867 | D:3      | Reached *** piety under Trog
  1874 | D:3      | Reached XP level 5. HP: 40/45 MP: 4/4
  1878 | D:3      | Reached skill level 7 in Axes
  2022 | D:3      | Found a glowing silver altar of Zin.
  2346 | D:4      | Reached skill level 8 in Axes
  2437 | D:4      | Noticed an ogre
  2439 | D:4      | Reached XP level 6. HP: 51/51 MP: 5/5
  2533 | D:4      | Found a glowing golden altar of the Shining One.
  2580 | D:4      | Reached skill level 9 in Axes
  2596 | D:4      | Found a glowing drain.
  2611 | Sewer    | Entered a sewer
  2674 | Sewer    | Reached **** piety under Trog
  2771 | Sewer    | Reached XP level 7. HP: 54/57 MP: 6/6
  2882 | Sewer    | Reached skill level 10 in Axes
  3201 | D:5      | Entered Level 5 of the Dungeon
  3574 | D:5      | Found a sparkling altar of Nemelex Xobeh.
  3655 | D:5      | Reached skill level 11 in Axes
  3674 | D:5      | Noticed Blork the orc
  3682 | D:5      | Reached XP level 8. HP: 64/64 MP: 7/7
  3686 | D:5      | Killed Blork the orc
  4084 | D:6      | Noticed Pikel
  4093 | D:6      | Killed Pikel
  4093 | D:6      | Reached skill level 12 in Axes
  4257 | D:6      | Found a shattered altar of Ashenzari.
  4295 | D:6      | Reached skill level 13 in Axes
  4370 | D:6      | Found Ygeqaipp's Assorted Antiques.
  4521 | D:6      | Found a staircase to the Ecumenical Temple.
  4936 | Temple   | Entered the Ecumenical Temple
  5656 | D:7      | Reached XP level 9. HP: 70/70 MP: 8/8
  5709 | D:7      | Reached skill level 14 in Axes
  5736 | D:7      | Reached ***** piety under Trog
  5759 | D:7      | You fall through a shaft for 3 floors!
  5759 | D:10     | Entered Level 10 of the Dungeon
  5772 | D:10     | Reached skill level 5 in Fighting
  5979 | D:10     | Noticed a troll
  5991 | D:10     | Killed a troll
  6058 | D:10     | Noticed a two-headed ogre
  6072 | D:10     | Killed a two-headed ogre
  6072 | D:10     | Reached skill level 10 in Fighting
  6074 | D:10     | Reached XP level 10. HP: 93/93 MP: 9/9
  6797 | D:9      | Found a white marble altar of Elyvilon.
  6838 | D:9      | Found Hyttur's Weapon Shoppe.
  6875 | D:9      | Found a blossoming altar of Fedhas.
  7198 | D:8      | Noticed Erica
  7209 | D:8      | Killed Erica
  7272 | D:8      | Received a gift from Trog
  7282 | D:8      | Found a shimmering altar of Xom.
  7282 | D:8      | Found a shimmering altar of Xom.
  7282 | D:8      | Found a shimmering altar of Xom.
  7283 | D:8      | Found a shimmering altar of Xom.
  7308 | D:8      | Found a sand-covered staircase.
  7313 | Ossuary  | Entered an ossuary
  7642 | D:8      | Found a shimmering altar of Xom.
  7642 | D:8      | Found a shimmering altar of Xom.
  7643 | D:8      | Found a shimmering altar of Xom.
  7772 | D:8      | Noticed a gargoyle
  7772 | D:8      | Noticed a centaur warrior
  7778 | D:8      | Received a gift from Trog
  7779 | D:8      | Killed a centaur warrior
  7781 | D:8      | Killed a gargoyle
  7781 | D:8      | Reached skill level 15 in Axes
  7781 | D:8      | Reached XP level 11. HP: 29/107 MP: 10/10
  8230 | D:8      | Noticed Grum
  8236 | D:8      | Killed Grum
  8254 | D:8      | Found a basalt altar of Yredelemnul.
  8359 | D:8      | Noticed a two-headed ogre
  8365 | D:8      | Killed a two-headed ogre
  8775 | D:7      | Found a deep blue altar of Sif Muna.
  9157 | D:11     | Noticed a white ugly thing
  9162 | D:11     | Killed a white ugly thing
  9168 | D:11     | Noticed a purple ugly thing
  9178 | D:11     | Killed a purple ugly thing
  9178 | D:11     | Reached skill level 16 in Axes
  9376 | D:11     | Found a staircase to the Orcish Mines.
  9460 | D:11     | Noticed an oklob plant
  9466 | D:11     | Found a staircase to the Lair.
  9720 | D:11     | Noticed an oklob plant
 10119 | D:11     | Noticed a brown ugly thing
 10124 | D:11     | Killed a brown ugly thing
 10124 | D:11     | Reached skill level 17 in Axes
 10608 | D:11     | Noticed a five-headed hydra
 10613 | D:11     | Killed a four-headed hydra
 11283 | D:11     | Noticed a lindwurm
 11286 | D:11     | Noticed a lindwurm
 11288 | D:11     | Noticed a lindwurm
 11342 | D:11     | Noticed a lindwurm
 11348 | D:11     | Killed a lindwurm
 11351 | D:11     | Killed a lindwurm
 11353 | D:11     | Killed a lindwurm
 11353 | D:11     | Reached skill level 18 in Axes
 11358 | D:11     | Killed a lindwurm
 11401 | D:11     | Got a coiled amber ring
 11408 | D:11     | Got an ichor-stained war axe
 11424 | D:11     | Identified the +4 war axe of the Hawk {chop, +Fly Int+3} (You found it on level 11 of the Dungeon)
 11438 | D:11     | Identified the ring of Daffum {Fire *Corrode rElec SInv} (You found it on level 11 of the Dungeon)
 11673 | D:11     | Killed an oklob plant
 11673 | D:11     | Reached XP level 12. HP: 62/115 MP: 11/11
 11827 | Lair:1   | Entered Level 1 of the Lair of Beasts
 12395 | Lair:1   | Reached skill level 19 in Axes
 12620 | Lair:1   | Noticed a seven-headed hydra
 12628 | Lair:1   | Killed a ten-headed hydra
 13703 | Lair:2   | Noticed a seven-headed hydra
 13713 | Lair:2   | Killed an 11-headed hydra
 14143 | Lair:2   | Received a gift from Trog
 14145 | Lair:2   | Got an ancient war axe {god gift}
 14147 | Lair:2   | Reached skill level 20 in Axes
 14211 | Lair:2   | Noticed a six-headed hydra
 14217 | Lair:2   | Killed a nine-headed hydra
 14335 | Lair:2   | Identified the +7 war axe "Pieno" {chop, Int+4} (Trog gifted it to you on level 2 of the Lair of Beasts)
 14580 | Lair:3   | Found a frozen archway.
 14625 | IceCv    | Entered an ice cave
 15407 | IceCv    | Reached XP level 13. HP: 111/122 MP: 12/12
 15411 | IceCv    | Reached skill level 21 in Axes
 15563 | IceCv    | Found an ancient bone altar of Kikubaaqudgha.
 15683 | IceCv    | Received a gift from Trog
 16379 | Lair:3   | Found a staircase to the Snake Pit.
 16907 | Lair:3   | Reached skill level 22 in Axes
 17339 | Lair:4   | Received a gift from Trog
 17927 | Lair:4   | Found a staircase to the Shoals.
 18084 | Lair:4   | Got a steaming scimitar
 18085 | Lair:4   | Identified the +8 scimitar of Currency {slice, +Blink SInv} (You found it on level 4 of the Lair of Beasts)
 18762 | Lair:5   | Reached XP level 14. HP: 84/129 MP: 13/13
 18770 | Lair:5   | Reached skill level 5 in Armour
 19061 | Lair:5   | Found a staircase to the Slime Pits.
 19461 | Lair:6   | Entered Level 6 of the Lair of Beasts
 19465 | Lair:6   | Reached skill level 5 in Dodging
 21104 | Lair:6   | Found a large runed door.
 21144 | Lair:6   | Found a large runed door.
 22422 | Orc:1    | Entered Level 1 of the Orcish Mines
 22471 | Orc:1    | Reached skill level 10 in Armour
 22516 | Orc:1    | Found a roughly hewn altar of Beogh.
 22907 | Orc:2    | Entered Level 2 of the Orcish Mines
 22932 | Orc:2    | Found a roughly hewn altar of Beogh.
 23394 | Orc:2    | Found a staircase to the Elven Halls.
 23503 | Orc:2    | Found Quilun's Distillery.
 23528 | Orc:2    | Bought a potion of degeneration for 15 gold pieces
 23549 | Orc:2    | Found Sielip's Book Shop.
 23622 | Orc:2    | Found an ancient bone altar of Kikubaaqudgha.
 23622 | Orc:2    | Noticed Nergalle
 23633 | Orc:2    | Killed Nergalle
 23661 | Orc:2    | Found Ybaty's Book Boutique.
 23675 | Orc:2    | Reached XP level 15. HP: 131/135 MP: 14/14
 23678 | Orc:2    | Noticed Erolcha
 23686 | Orc:2    | Killed Erolcha
 23687 | Orc:2    | Found a radiant altar of Vehumet.
 23840 | Orc:2    | Found a roughly hewn altar of Beogh.
 23857 | Orc:2    | Reached skill level 10 in Dodging
 23862 | Orc:2    | Received a gift from Trog
 23881 | Orc:2    | Found Faipnomp's Antique Armour Shop.
 23890 | Orc:2    | Bought a pair of runed boots for 255 gold pieces
 24289 | Orc:2    | Bought an encrusted chain mail for 323 gold pieces
 24300 | Orc:2    | Identified the +13 chain mail of the Blacksmith {*Drain rCorr Str-4 Slay+6} (You bought it in a shop on level 2 of the Orcish Mines)
 24654 | D:12     | Found a large runed door.
 24689 | D:12     | Found a large runed door.
 24717 | D:12     | Reached skill level 1 in Evocations
 24795 | D:12     | Noticed Psyche
 24801 | D:12     | Killed Psyche
 25210 | D:12     | Noticed a fire giant
 25218 | D:12     | Killed a fire giant
 25223 | D:12     | Found a shattered altar of Ashenzari.
 25228 | D:12     | Found a white marble altar of Elyvilon.
 26415 | D:14     | Found a gate to the Vaults.
 26426 | D:14     | Reached skill level 5 in Evocations
 26780 | D:14     | Reached ****** piety under Trog
 27034 | D:15     | Entered Level 15 of the Dungeon
 27066 | D:15     | Noticed Josephine
 27072 | D:15     | Killed Josephine
 27595 | D:15     | Found a sacrificial altar of Ru.
 27819 | D:15     | Found a staircase to the Depths.
 27939 | D:15     | Noticed Azrael
 27947 | D:15     | Killed Azrael
 27951 | D:15     | Received a gift from Trog
 27986 | D:15     | Found a gateway to a bazaar.
 27997 | Bazaar   | Entered a bazaar
 27997 | Bazaar   | Found Bafronycs's Armour Shoppe.
 28005 | Bazaar   | Found Poujouh's General Store.
 28013 | Bazaar   | Bought a scroll of blinking for 75 gold pieces
 28013 | Bazaar   | Bought a scroll of teleportation for 30 gold pieces
 28035 | Bazaar   | Found Zatin Nui's Book Boutique.
 28045 | Bazaar   | Found Osokh's General Store.
 28087 | Bazaar   | Bought an uncursed amulet of faith for 400 gold pieces
 28426 | Snake:1  | Entered Level 1 of the Snake Pit
 28686 | Snake:1  | Reached XP level 16. HP: 115/143 MP: 22/22
 28999 | Snake:1  | Reached skill level 10 in Evocations
 29984 | Snake:2  | HP: 5/214 [naga sharpshooter/arrow (12)]
 29985 | Snake:2  | Slain by a guardian serpent

Skill      XL: |  1  2  3  4  5  6  7  8  9 10 11 12 13 14 15 16 |
---------------+-------------------------------------------------+-----
Axes           | 4 5 6 8 9 11 13 14 15 18 20 22 | 22.9
Fighting       | 10 13 | 13.1
Armour         | 4 10 11 | 11.4
Dodging        | 4 9 10 | 10.4
Evocations     | 9 11 | 11.4

Action                   |  1- 3 |  4- 6 |  7- 9 | 10-12 | 13-15 | 16-18 || total
-------------------------+-------+-------+-------+-------+-------+-------++-------
Melee: Hand axe          |    83 |   155 |   216 |   118 |       |       ||   572
       Headbutt          |    11 |    22 |    35 |   101 |   179 |    10 ||   358
       Executioner's axe |       |       |       |   378 |   668 |    53 ||  1099
       Battleaxe         |       |       |       |       |   114 |       ||   114
Invok: Berserk           |       |       |     5 |    11 |    20 |     1 ||    37
       Trog's Hand       |       |       |     1 |     2 |     5 |       ||     8
       Burn Spellbooks   |       |       |     1 |     1 |     4 |     1 ||     7
       Brothers in Arms  |       |       |     1 |     4 |    14 |     1 ||    20
Evoke: Wand              |       |       |       |       |     1 |       ||     1
  Use: Scroll            |       |       |    12 |     6 |     8 |     1 ||    27
       Potion            |       |       |       |     1 |     1 |       ||     2
 Stab: Distracted        |       |       |     2 |       |     1 |       ||     3
  Eat: Chunk             |     1 |     5 |     7 |    22 |    32 |     4 ||    71
       Royal jelly       |       |       |     5 |       |     1 |     1 ||     7
       Meat ration       |       |       |       |     7 |     5 |     2 ||    14
       Bread ration      |       |       |       |     3 |     1 |       ||     4
Armor: Animal skin       |     4 |       |       |       |       |       ||     4
       Ring mail         |    13 |    16 |       |       |       |       ||    29
       Chain mail        |       |    35 |    86 |   136 |   158 |    63 ||   478
       Plate armour      |       |       |       |   146 |   326 |       ||   472
Dodge: Dodged            |    59 |    68 |    68 |   173 |   353 |    61 ||   782
       Deflected         |       |     1 |     5 |     4 |    13 |       ||    23
